 Dungeon Crawl Stone Soup version 0.22.0-13-g43fe8f24b8 (webtiles) character file.

921 PentaManta the Ruffian (level 8, 0/70 HPs)
             Began as a Ghoul Gladiator on Aug 17, 2018.
             Slain by a sky beast (6 damage)
             ... on level 7 of the Dungeon.
             The game lasted 00:16:04 (3646 turns).

PentaManta the Ruffian (Ghoul Gladiator)            Turns: 3646, Time: 00:16:04

Health: 0/70       AC:  4    Str: 20    XL:     8   Next: 10%
Magic:  7/7        EV: 15    Int:  3    God:
Gold:   317        SH:  0    Dex: 10    Spells: 7/7 levels left

rFire    . . .     SeeInvis .     - Unarmed
rCold    + . .     Gourm    .   (no shield)
rNeg     + + +     Faith    .   a - +0 leather armour
rPois    ∞         Spirit   .   b - +0 helmet
rElec    .         Reflect  .   (no cloak)
rCorr    .         Harm     .   (no gloves)
MR       .....                  (no boots)
Stlth    +.........             (no amulet)
HPRegen  0.00/turn              h - +2 ring of evasion
MPRegen  0.10/turn              (no ring)

@: rotting
A: rotting body, claws 1, carnivore, cold resistance 1, negative energy
resistance 3, inhibited regeneration, torment resistance, unbreathing
a: no special abilities


You were on level 7 of the Dungeon.
You were not hungry.

You visited 1 branch of the dungeon, and saw 7 of its levels.

You collected 317 gold pieces.

Inventory:

Missiles
 c - 3 throwing nets (quivered)
Armour
 a - a +0 leather armour (worn)
 b - a +0 helmet (worn)
Jewellery
 h - a +2 ring of evasion (left claw)
Scrolls
 f - 2 scrolls of immolation
 i - a scroll of magic mapping {unknown}
 j - 2 scrolls of remove curse
 l - a scroll of teleportation {unknown}
 m - 2 scrolls of blinking {unknown}
 n - 3 scrolls of identify
 s - 2 scrolls of enchant weapon {unknown}
Potions
 e - a potion of haste
 k - a potion of lignification
 o - a potion of brilliance
 p - a potion of mutation {unknown}
Comestibles
 d - 8 rations


   Skills:
 + Level 5.7 Fighting
 - Level 1.7 Throwing
 - Level 5.0 Dodging
 * Level 7.2 Unarmed Combat


You had 7 spell levels left.
You didn't know any spells.
Your spell library contained the following spells:

 Spells                   Type           Power        Failure   Level  Hunger
 Apportation              Tloc           #.....       58%         1    ##.....
 Summon Small Mammal      Summ           #...         58%         1    ##.....
 Animate Skeleton         Necr           N/A          58%         1    ##.....
 Spider Form              Tmut/Pois      #.........   91%         3    ####...
 Blade Hands              Tmut           #.........   100%        5    ######.
 Ice Form                 Ice/Tmut       #.......     100%        4    #####..
 Confusing Touch          Hex            #.....       58%         1    ##.....
 Sticks to Snakes         Tmut           #.......     73%         2    ###....
 Beastly Appendage        Tmut           #.....       58%         1    ##.....


Dungeon Overview and Level Annotations

Branches:
Dungeon (7/15)
 Temple: D:4-7

Altars:
Kikubaaqudgha
Nemelex Xobeh
Trog
Xom
The Shining One


Innate Abilities, Weirdness & Mutations

Your body is rotting away.
You thrive on raw meat.
You are immune to poison.
You have sharp fingernails.
You are carnivorous and can eat meat at any time.
Your flesh is cold resistant. (rC+)
You are immune to negative energy. (rN+++)
You do not regenerate when monsters are visible.
You are immune to unholy pain and torment.
You can survive without breathing.


Message History

The orc closely misses you.
You claw the orc!
You kill the orc!
Something hits you.
* * * LOW HITPOINT WARNING * * *
Something shocks you.
* * * LOW HITPOINT WARNING * * *
Okay, then.
Something hits you.
* * * LOW HITPOINT WARNING * * *
Something shocks you.
* * * LOW HITPOINT WARNING * * *
Items here: $ ) [ † a whip; a leather armour; a gold piece; an orc corpse
Things that are here:
a chunk of flesh; a leather armour You feel better.
Something hits you.
* * * LOW HITPOINT WARNING * * *
Something shocks you.
You die...

# #.
#.########.#
#.##...<.....>##
#$....@)).......
################


There were no monsters in sight!

Vanquished Creatures
  A hippogriff (D:4)
  A phantom (D:6)
  An ogre (D:5)
  A scorpion (D:5)
  2 howler monkeys (D:5)
  A crimson imp (D:5)
  A hound (D:4)
  A bullfrog skeleton (D:4)
  3 orc wizards
  An orc priest (D:6)
  An iguana (D:5)
  A hound zombie (D:5)
  A worker ant zombie (D:5)
  4 gnolls (D:4)
  6 adders
  An adder zombie (D:5)
  A dart slug (D:4)
  3 leopard geckos
  11 orcs
  2 ball pythons
  5 bats
  5 giant cockroaches
  7 goblins
  5 hobgoblins
  4 jackals
  3 quokkas
  A ball python skeleton (D:5)
  3 frilled lizards
  7 kobolds
  3 rats (D:1)
87 creatures vanquished.

Vanquished Creatures (others)
  5 toadstools (D:1)
5 creatures vanquished.

Grand Total: 92 creatures vanquished

Notes
Turn   | Place    | Note
-------+----------+-------------------------------------------
     0 | D:1      | PentaManta the Ghoul Gladiator began the quest for the Orb.
     0 | D:1      | Reached XP level 1. HP: 17/17 MP: 0/0
   106 | D:1      | Reached XP level 2. HP: 25/25 MP: 1/1
   782 | D:2      | Reached XP level 3. HP: 21/30 MP: 2/2
  1371 | D:3      | Reached skill level 4 in Unarmed Combat
  1373 | D:3      | Reached XP level 4. HP: 28/38 MP: 3/3
  1447 | D:3      | Found a sparkling altar of Nemelex Xobeh.
  1582 | D:3      | Found a shimmering altar of Xom.
  1600 | D:3      | Reached XP level 5. HP: 33/46 MP: 4/4
  1698 | D:3      | Found a glowing golden altar of the Shining One.
  1923 | D:4      | Found an ancient bone altar of Kikubaaqudgha.
  2088 | D:4      | Reached XP level 6. HP: 44/52 MP: 5/5
  2166 | D:4      | Noticed a hippogriff
  2196 | D:4      | Killed a hippogriff
  2196 | D:4      | Reached skill level 5 in Dodging
  2196 | D:4      | Reached skill level 5 in Unarmed Combat
  2196 | D:4      | Reached XP level 7. HP: 20/60 MP: 6/6
  2754 | D:5      | Entered Level 5 of the Dungeon
  2957 | D:5      | Reached skill level 5 in Fighting
  2957 | D:5      | Reached skill level 6 in Unarmed Combat
  3016 | D:5      | Found a bloodstained altar of Trog.
  3581 | D:6      | Reached skill level 7 in Unarmed Combat
  3581 | D:6      | Reached XP level 8. HP: 38/68 MP: 7/7
  3644 | D:7      | HP: 3/70 [something (5)]
  3646 | D:7      | Slain by a sky beast

Skill      XL: |  1  2  3  4  5  6  7 |
---------------+----------------------+-----
Dodging        | 3 4 5 |  5.0
Fighting       | 3 4 5 |  5.7
Unarmed Combat | 4 5 7 |  7.2
Throwing       | |  1.7

Action                   |  1- 3 |  4- 6 |  7- 9 || total
-------------------------+-------+-------+-------++-------
Melee: Unarmed           |    86 |   106 |   119 ||   311
       Punch             |     1 |       |     3 ||     4
  Use: Scroll            |       |    10 |       ||    10
       Potion            |       |     2 |     1 ||     3
 Stab: Sleeping          |       |     1 |       ||     1
  Eat: Chunk             |     8 |    19 |     5 ||    32
Armor: Leather armour    |    17 |    27 |    18 ||    62
Dodge: Dodged            |    59 |    90 |    73 ||   222
